 Dungeon Crawl Stone Soup version 0.29-a0-330-g52719c12eb (webtiles) character file.

Game seed: 9034479380121410847

72 sammy202020 the Skirmisher (level 4, 45/45 HPs)
             Began as a Troll Fighter on Apr 12, 2022.
             Quit the game on level 2 of the Dungeon.
             The game lasted 00:03:00 (1235 turns).

sammy202020 the Skirmisher (Troll Fighter)          Turns: 1235, Time: 00:03:01

Health: 45/45      AC:  4    Str: 26    XL:     4   Next: 7%
Magic:  3/3        EV:  8    Int:  4    God:
Gold:   79         SH:  7    Dex:  9    Spells: 3/3 levels left

rFire   . . .      SeeInvis .   r - +0 club
rCold   . . .      Faith    .   b - +0 kite shield
rNeg    + . .      Spirit   .   a - +0 robe
rPois   .          Reflect  .   (helmet restricted)
rElec   .          Harm     .   (no cloak)
rCorr   .          Rampage  .   (gloves unavailable)
Will    .....                   (boots unavailable)
Stlth   +.........              (no amulet)
HPRegen 0.95/turn               g - ring of positive energy
MPRegen 0.08/turn               (no ring)

@: no status effects
A: large, unfitting armour, claws 3, regeneration 1, shaggy fur 1, tough skin 1
a: no special abilities


You were on level 2 of the Dungeon.
You visited 1 branch of the dungeon, and saw 2 of its levels.

You collected 79 gold pieces.

Inventory:

Hand Weapons
 q - a +0 flail
 r - a +0 club (weapon)
Missiles
 o - 4 large rocks (quivered)
 p - 4 poisoned darts
Armour
 a - a +0 robe (worn)
 b - a +0 kite shield (worn)
Jewellery
 g - a ring of positive energy (left claw)
Scrolls
 d - a scroll of blinking {unknown}
 e - 3 scrolls of immolation {unknown}
 f - a scroll of noise {unknown}
 h - a scroll of brand weapon {unknown}
Potions
 c - a potion of might
 i - a potion of heal wounds {unknown}
 j - 2 potions of curing {unknown}
 k - a potion of magic {unknown}
 l - 2 potions of berserk rage {unknown}
 m - a potion of flight {unknown}
 n - a potion of attraction {unknown}


   Skills:
 * Level 3.0 Fighting
 + Level 0.1 Maces & Flails
 * Level 2.8 Dodging
 * Level 2.7 Shields
 * Level 2.9 Unarmed Combat


You had 3 spell levels left.
You didn't know any spells.
Your spell library was empty.

Dungeon Overview and Level Annotations

Branches:
Dungeon (2/15)

Altars:


Innate Abilities, Weirdness & Mutations

You are too large for most types of armour.
You have claws for hands.
Your natural rate of healing is unusually fast.
You are covered in fur. (AC +1)
You have tough skin. (AC +1)


Message History

No target in view!
No target in view!
No target in view!
No target in view!
You open the door.
An adder comes into view.
There is an open door here.
An adder is nearby!
An adder is nearby!
The adder closely misses you.
You claw the adder!
You kill the adder!
You have reached level 4!
Found a club.
You open the door.
There is an open door here.
You open the door.
There is an open door here.
Found a dagger.
A goblin comes into view. It is wielding a +0 club.
Unknown command.
The goblin shouts!
There are no items here.
You closely miss the goblin.
An endoplasm comes into view.
You block the goblin's attack.
You closely miss the goblin. You block the goblin's attack.
The endoplasm quivers.
You claw the goblin!
You kill the goblin!
You see here a +0 club.
The endoplasm freezes you.
You are frozen.
The endoplasm hits you but does no damage.
You claw the endoplasm!
You kill the endoplasm!
You see here a +0 club.
r - a +0 club
r - a +0 club (weapon)
Are you sure you want to abandon this character and quit the game? (Confirm with "yes".)

##### #...# ####...###
........ #....# #.
#....# #.##....#
#..#....# #.#.@..#
#....).# ##.....#
#.....# ##.##.# ######
#.##.# #....#
#####..#.#####....#####
#...##.#.##.......'....
#...##.#.##'##....#####


There were no monsters in sight!

Vanquished Creatures
  3 gnolls (D:2)
  An adder (D:2)
  An orc (D:2)
  6 endoplasms
  3 goblins
  3 hobgoblins (D:1)
  2 kobolds
  3 ball pythons
  5 bats (D:1)
  2 frilled lizards
  6 rats (D:1)
35 creatures vanquished.

Vanquished Creatures (others)
  A plant (D:1)
1 creature vanquished.

Grand Total: 36 creatures vanquished

Notes
Turn   | Place    | Note
-------+----------+-------------------------------------------
     0 | D:1      | sammy202020 the Troll Fighter began the quest for the Orb.
     0 | D:1      | Reached XP level 1. HP: 22/22 MP: 0/0
   150 | D:1      | Reached XP level 2. HP: 23/29 MP: 1/1
   924 | D:2      | Reached XP level 3. HP: 29/36 MP: 2/2
  1012 | D:2      | Reached skill level 3 in Fighting
  1184 | D:2      | Reached XP level 4. HP: 45/45 MP: 3/3
  1235 | D:2      | Quit the game

Illustrated notes

Levels and vault maps discovered:
D:1:      lightli_arrival_farm, layout_loops_ring, serial_bayou,
          serial_bayou_shore_b, serial_bayou_lake_a, serial_bayou_pond_d,
          serial_bayou_pond_a
D:2:      layout_basic, dreamdust_wishing_well, serial_bayou_pond_e

Skill      XL: |  1  2  3 |
---------------+----------+-----
Fighting       | 3 |  3.0
Maces & Flails | |  0.1
Dodging        | |  2.8
Shields        | |  2.7
Unarmed Combat | |  2.9

Action                   |  1- 3 |  4- 6 || total
-------------------------+-------+-------++-------
Melee: Unarmed           |    77 |     4 ||    81
Armor: Robe              |    32 |     1 ||    33
Dodge: Dodged            |    34 |       ||    34
Block: Kite shield       |    16 |     2 ||    18

Table legend: (Time is in decaauts)
 A = Elapsed time spent in this place.
 B = Non-inter-level travel time spent in this place.
 C = Inter-level travel time spent in this place.
 D = Time resting spent in this place.
 E = Time spent auto-exploring this place.
 F = Levels seen in this place.
 G = Mean time per level.
                   A        B        C        D        E       F      G
               +--------+--------+--------+--------+--------+-----+--------+
         Total |   1318 |   1255 |     63 |      0 |   1017 |   2 |  659.0 |
       Dungeon |   1318 |   1255 |     63 |      0 |   1017 |   2 |  659.0 |
               +--------+--------+--------+--------+--------+-----+--------+

Top non-repeatable levels by time:
     D:1: 965 daAuts
     D:2: 353 daAuts
